 Dungeon Crawl Stone Soup version 0.28.0 (webtiles) character file.

Game seed: 17086395478033414413

98 Sanktem7 the Covered (level 4, -2/41 HPs)
             Began as a Minotaur Fighter on Feb 16, 2022.
             Slain by an ogre (14 damage)
             ... on level 2 of the Dungeon.
             The game lasted 00:02:59 (1652 turns).

Sanktem7 the Covered (Minotaur Fighter)             Turns: 1652, Time: 00:03:00

Health: -2/41      AC:  9    Str: 23    XL:     4   Next: 44%
Magic:  3/3        EV:  7    Int:  5    God:
Gold:   101        SH:  4    Dex:  9    Spells: 3/3 levels left

rFire   . . .      SeeInvis .   a - +0 war axe
rCold   . . .      Faith    .   c - +0 buckler
rNeg    . . .      Spirit   .   r - +0 chain mail
rPois   .          Reflect  .   (helmet restricted)
rElec   .          Harm     .   (no cloak)
rCorr   .          Rampage  .   (no gloves)
Will    .....                   (no boots)
Stlth   ..........              (no amulet)
HPRegen 0.13/turn               (no ring)
MPRegen 0.08/turn               (no ring)

@: no status effects
A: horns 2, retaliatory headbutt
a: no special abilities


You were on level 2 of the Dungeon.
You visited 1 branch of the dungeon, and saw 3 of its levels.

You collected 101 gold pieces.

Inventory:

Hand Weapons
 a - a +0 war axe (weapon)
Armour
 b - a +0 scale mail
 c - a +0 buckler (worn)
 r - a +0 chain mail (worn)
Jewellery
 q - the ring "Paol" {*Slow +Blink rCorr Int+8 Dex-3}
   (You found it on level 2 of the Dungeon)

   [ring of resist corrosion]

   Int:       It affects your intelligence (+8).
   Dex:       It affects your dexterity (-3).
   +Blink:    It lets you blink.
   rCorr:     It protects you from acid and corrosion.
   *Slow:     It may slow you when you take damage.
Scrolls
 f - a scroll of acquirement {unknown}
 h - a scroll of amnesia {unknown}
 i - 4 scrolls of immolation
 j - 2 scrolls of fear {unknown}
 k - 4 scrolls of identify {unknown}
 l - a scroll of enchant armour {unknown}
Potions
 d - a potion of might
 e - a potion of degeneration {unknown}
 g - 2 potions of haste {unknown}
 m - a potion of mutation {unknown}
 n - a potion of lignification {unknown}
 o - 2 potions of flight {unknown}
 p - a potion of curing {unknown}


   Skills:
 + Level 4.3 Fighting
 + Level 3.8 Axes
 + Level 4.5 Armour
 + Level 0.2 Dodging
 + Level 4.2 Shields


You had 3 spell levels left.
You didn't know any spells.
Your spell library was empty.

Dungeon Overview and Level Annotations

Branches:
Dungeon (3/15)

Altars:
Cheibriados

Shops:
D:2 *


Innate Abilities, Weirdness & Mutations

You have a pair of horns on your head.
You reflexively headbutt those who attack you in melee.


Message History

The ogre is heavily wounded.
You slash the kobold!
You kill the kobold!
You slash the hobgoblin!
You kill the hobgoblin!
The jackal bites you but does no damage.
The ogre hits you with a +0 giant club!!
Ouch! That really hurt!
You are too injured to fight recklessly!
You are too injured to fight recklessly!
You are too injured to fight recklessly!
You are too injured to fight recklessly!
You are too injured to fight recklessly!
You are too injured to fight recklessly!
You are too injured to fight recklessly!
The ogre hits you with a +0 giant club!
* * * LOW HITPOINT WARNING * * *
The jackal bites you but does no damage.
The jackal bites you but does no damage.
You closely miss the jackal.
The jackal bites you but does no damage.
You block the jackal's attack.
You closely miss the jackal. The jackal closely misses you.
You block the jackal's attack.
You hit the jackal.
You kill the jackal!
The jackal bites you.
* * * LOW HITPOINT WARNING * * *
You slash the jackal!
You kill the jackal!
Things that are here:
a +0 dagger; a goblin corpse
There is a stone staircase leading up here.
The ogre barely misses you.
You climb upwards.
There is a stone staircase leading down here.
You barely miss the ogre.
The ogre is moderately wounded.
The ogre hits you with a +0 giant club!
You die...

...............#
###########.####
.........<..#
..#########.#
..8.8.8.8.#.###
..........#...##########
..........#............#
..........#...########.#
..))......#....O@# #.#
...)......#.##.### #.#
..8)8.8.8.#.##.# #.#
..#########.##.# #.#
.<.............# #.#
......################.#
.......................#
#.....##################
#.....####


You could see an ogre.

Vanquished Creatures
  2 adders (D:2)
  2 worms (D:2)
  3 dart slugs
  4 ball pythons
  6 endoplasms
  2 giant cockroaches (D:1)
  10 goblins
  9 hobgoblins
  2 jackals (D:3)
  2 quokkas (D:1)
  8 bats
  A frilled lizard (D:3)
  4 kobolds
  8 rats
63 creatures vanquished.

Notes
Turn   | Place    | Note
-------+----------+-------------------------------------------
     0 | D:1      | Sanktem7 the Minotaur Fighter began the quest for the Orb.
     0 | D:1      | Reached XP level 1. HP: 19/19 MP: 0/0
    79 | D:1      | Reached XP level 2. HP: 25/27 MP: 1/1
   474 | D:1      | Found a faded altar of an unknown god.
   661 | D:1      | Reached XP level 3. HP: 29/33 MP: 2/2
  1074 | D:2      | Reached XP level 4. HP: 40/41 MP: 3/3
  1194 | D:2      | Found a snail-covered altar of Cheibriados.
  1301 | D:2      | Identified the ring "Paol" {*Slow +Blink rCorr Int+8 Dex-3}
  1381 | D:2      | Found Nuyr's Assorted Antiques.
  1613 | D:3      | Noticed an ogre
  1652 | D:2      | Slain by an ogre

Illustrated notes

Levels and vault maps discovered:
D:1:      dpeg_arrival_stonehenge_8_columns, layout_basic,
          hellmonk_ecumenical_altar_blasted, hex_medium
D:2:      kennysheep_the_goblin_king, layout_basic, serial_shops,
          nicolae_lakefront_shop, basic_altar
D:3:      layout_loops_ring, dk_vineyard_1

Skill      XL: |  1  2  3 |
---------------+----------+-----
Shields        | 4 |  4.2
Fighting       | 4 |  4.3
Armour         | 4 |  4.5
Axes           | 3 |  3.8
Dodging        | |  0.2

Action                   |  1- 3 |  4- 6 || total
-------------------------+-------+-------++-------
Melee: War axe           |    64 |    34 ||    98
       Headbutt          |    10 |     2 ||    12
Armor: Scale mail        |    29 |    16 ||    45
       Chain mail        |       |     7 ||     7
Dodge: Dodged            |    31 |    23 ||    54
Block: Buckler           |    14 |    12 ||    26
